[Event "Asian Amateur Rapid 2024"]
[Site "Al Ain"]
[Date "2024.12.15"]
[Round "4.2"]
[White "Vivaan Sachdev"]
[Black "AbuAzizah, Raji"]
[Result "1-0"]
[ECO "B22"]
[WhiteElo "1824"]
[BlackElo "2161"]
[Annotator "RC"]
[PlyCount "83"]
[EventDate "2024.12.15"]
[EventType "swiss"]
[EventCountry "UAE"]
[SourceTitle "playchess.com"]
[Source "ChessBase"]
[SourceQuality "1"]
[TimeControl "900+10"]

1. e4 c5 2. c3 e6 3. d4 Nf6 4. e5 Nd5 5. Nf3 cxd4 6. cxd4 d6 7. Bc4 Nc6 8. O-O Be7 9. Bd2 O-O 10. Nc3 dxe5 11. dxe5 Qc7 12. Bxd5 exd5 13. Nxd5 Qd8 14. Bc3 Bg4 15. h3 Bh5 16. Qd3 Re8 17. Rad1 Bf8 18. Qf5 Bg6 19. Qf4 Qb8 20. Rfe1 b5 21. b3 a5 22. a4 b4 23. Bb2 Bc2 24. Rc1 Bxb3 25. Nf6+ gxf6 26. Rxc6 Bg7 27. Qg4 fxe5 28. Rxe5 Rxe5 29. Bxe5 Qf8 30. Nd4 Bd1 31. Qg3 Kh8 32. Nf5 f6 33. Bd6 Qg8 34. Rc7 Bf8 35. Qd3 Bh5 36. Ne7 Bxe7 37. Bxe7 Qg6 38. Qd4 Ra6 39. Rc8+ Kg7 40. Bf8+ Kf7 41. Qd7+ Kg8 42. Bh6+ 1-0

[Event "Asian Amateur Rapid 2024"]
[Site "Al Ain"]
[Date "2024.12.15"]
[Round "4.3"]
[White "Farhaan, M."]
[Black "Hamdan Edrees, Alhamed"]
[Result "1/2-1/2"]
[ECO "E18"]
[WhiteElo "1695"]
[BlackElo "1939"]
[Annotator "RC"]
[PlyCount "76"]
[EventDate "2024.12.15"]
[EventType "swiss"]
[EventCountry "UAE"]
[SourceTitle "playchess.com"]
[Source "ChessBase"]
[SourceQuality "1"]
[TimeControl "900+10"]

1. d4 Nf6 2. c4 e6 3. Nf3 b6 4. g3 Bb7 5. Bg2 Bb4+ 6. Bd2 Be7 7. Nc3 O-O 8. O-O d5 9. cxd5 exd5 10. Rc1 a6 11. Bf4 Bd6 12. Ne5 Nbd7 13. Qb3 Re8 14. Nxd5 Nxd5 15. Bxd5 Bxd5 16. Qxd5 Nxe5 17. dxe5 Bxe5 18. Qxd8 Raxd8 19. Bxe5 Rxe5 20. e3 c5 21. Rc2 Red5 22. Kg2 Rd2 23. Rfc1 Kf8 24. Kf1 Rxc2 25. Rxc2 Rd1+ 26. Ke2 Ra1 27. a3 Ke7 28. Rd2 b5 29. Kd3 Rc1 30. Ke4 b4 31. axb4 cxb4 32. f4 a5 33. g4 b3 34. Rd5 a4 35. Ra5 Ra1 36. Kd3 Rb1 37. Rxa4 Rxb2 38. Kc3 Rxh2 1/2-1/2

[Event "Asian Amateur Rapid 2024"]
[Site "Al Ain"]
[Date "2024.12.15"]
[Round "4.4"]
[White "Shelke Omkar"]
[Black "Abdulrahim, Salem"]
[Result "0-1"]
[ECO "D38"]
[WhiteElo "1764"]
[BlackElo "1843"]
[Annotator "NA COMBH"]
[PlyCount "92"]
[EventDate "2024.12.15"]
[EventType "swiss"]
[EventCountry "UAE"]
[SourceTitle "playchess.com"]
[Source "ChessBase"]
[SourceQuality "1"]
[TimeControl "900+10"]

1. d4 Nf6 2. c4 e6 3. Nf3 d5 4. Nc3 Bb4 5. Qb3 Bxc3+ 6. bxc3 {[%emt 0:00:43] D38: Queen's Gambit Declined: Ragozin Defence (4 Nf3 Bb4).} O-O 7. Bg5 c6 8. e3 Nbd7 9. Bd3 h6 10. Bh4 b6 11. O-O Ba6 12. Rfd1 Bxc4 13. Bxc4 dxc4 14. Qxc4 Qc7 15. Qd3 c5 16. a4 Rac8 17. a5 bxa5 18. Qa6 Nd5 19. c4 Nc3 20. Rd3 cxd4 21. Nxd4 Qxc4 22. Qxc4 Rxc4 23. Rxa5 Nc5 24. Rxc5 Rxc5 25. Be7 Ra5 26. Nb3 Rb8 27. Rxc3 Rxb3 28. Rc8+ Kh7 29. g3 Ra2 30. Rf8 Kg6 31. Rg8 Rb7 32. Bf8 f6 33. Bc5 a5 34. h4 a4 35. g4 Rc2 36. Ba3 Rc3 37. Bd6 Ra7 38. Rh8 f5 39. h5+ Kg5 40. Kg2 Kxg4 41. Be5 Rc4 42. Rb8 a3 43. Rb1 a2 44. Rh1 f4 45. Bd4 Rxd4 46. exd4 {[%emt 0:00:13] Check Result:-#11} a1=Q 0-1

[Event "Asian Amateur Rapid 2024"]
[Site "Al Ain"]
[Date "2024.12.15"]
[Round "4.5"]
[White "Mujahid Bin Yazeed"]
[Black "Ghaith Saeed Alnuaimi"]
[Result "1-0"]
[ECO "B20"]
[WhiteElo "1837"]
[BlackElo "1870"]
[Annotator "NA COMBH"]
[PlyCount "75"]
[EventDate "2024.12.15"]
[EventType "swiss"]
[EventCountry "UAE"]
[SourceTitle "playchess.com"]
[Source "ChessBase"]
[SourceQuality "1"]
[TimeControl "900+10"]

1. e4 c5 2. Nc3 Nc6 3. a3 e6 4. Bc4 Nge7 5. Ba2 g6 6. h4 {[%emt 0:00:18] B20: Sicilian: Unusual White 2nd moves.} h5 7. d3 Bg7 8. Nh3 d6 9. O-O Rb8 10. Ng5 b5 11. Ne2 d5 12. c3 O-O 13. Bf4 Rb7 14. Ng3 e5 15. Bd2 Bg4 16. Qc2 c4 17. exd5 Qxd5 18. dxc4 bxc4 19. f3 Bf5 20. Nxf5 Nxf5 21. Rad1 Qc5+ 22. Kh2 Nxh4 23. Ne4 Qb6 24. Bc1 Nf5 25. Bxc4 Na5 26. Bd5 Rc7 27. Rfe1 Nc4 28. Qf2 Qb8 29. Nc5 Qb5 30. b4 Nb6 31. Ba2 Qc6 32. g4 hxg4 33. fxg4 Nh6 34. Qh4 g5 35. Bxg5 e4 36. Bf4 Rcc8 37. Rd6 Qe8 $18 {[%emt 0:00:10] Check Result:23.65} 38. Rxe4 1-0

[Event "Asian Amateur Rapid 2024"]
[Site "Al Ain"]
[Date "2024.12.15"]
[Round "4.6"]
[White "Mohamed Saeed Laily"]
[Black "Ebenezer, Joseph"]
[Result "1-0"]
[ECO "E99"]
[WhiteElo "1984"]
[BlackElo "1993"]
[Annotator "RC"]
[PlyCount "123"]
[EventDate "2024.12.15"]
[EventType "swiss"]
[EventCountry "UAE"]
[SourceTitle "playchess.com"]
[Source "ChessBase"]
[SourceQuality "1"]
[TimeControl "900+10"]

1. d4 Nf6 2. c4 g6 3. Nc3 Bg7 4. e4 d6 5. Nf3 O-O 6. Be2 e5 7. O-O Nc6 8. d5 Ne7 9. Ne1 Nd7 10. Nd3 f5 11. f3 f4 12. g4 a5 13. Bd2 c6 14. Be1 Kh8 15. Bf2 Bf6 16. Kg2 Ng8 17. Qe1 Rf7 18. Rd1 Qe7 19. Rh1 c5 20. h4 h5 21. g5 Bg7 22. Nb5 Nb8 23. Qc3 b6 24. b3 Qd7 25. a3 Na6 26. Ra1 Nc7 27. Nxc7 Qxc7 28. b4 axb4 29. axb4 Qb8 30. Rhb1 Rfa7 31. Kg1 Bf8 32. Rxa7 Qxa7 33. bxc5 bxc5 34. Nxf4 Qa2 35. Rb2 Qa1+ 36. Kg2 Ra3 37. Nxg6+ Kg7 38. Qc2 Kxg6 39. Rb1 Qa2 40. Rb2 Qa1 41. Rb1 Rc3 42. Qd1 Qa3 43. Be1 Ne7 44. Bxc3 Qxc3 45. Rb6 Qe3 46. Rxd6+ Kg7 47. Rf6 Ng6 48. Kf1 Bh3+ 49. Ke1 Nxh4 50. Qd3 Qxg5 51. Ra6 Ng2+ 52. Kd1 Be7 53. d6 Ne3+ 54. Ke1 Qg1+ 55. Kd2 Bg5 56. Kc3 Qe1+ 57. Kb3 Qb4+ 58. Ka2 Be6 59. Ra7+ Kh6 60. Qb3 Nxc4 61. Qxb4 cxb4 62. Bxc4 1-0

[Event "Asian Amateur Rapid 2024"]
[Site "Al Ain"]
[Date "2024.12.15"]
[Round "4.7"]
[White "Sendi, David V"]
[Black "Lovakov, Egor Vlad"]
[Result "0-1"]
[ECO "C42"]
[WhiteElo "1747"]
[BlackElo "1763"]
[Annotator "NA COMBH"]
[PlyCount "110"]
[EventDate "2024.12.15"]
[EventType "swiss"]
[EventCountry "UAE"]
[SourceTitle "playchess.com"]
[Source "ChessBase"]
[SourceQuality "1"]
[TimeControl "900+10"]

1. e4 e5 2. Nf3 Nf6 3. Nxe5 d6 4. Nf3 Nxe4 5. Nc3 Nxc3 6. dxc3 Be7 7. Be3 O-O 8. Qd2 Nd7 9. O-O-O c6 10. h4 d5 11. Bd3 Nc5 12. Rhg1 Bg4 13. Rde1 Ne4 14. Bxe4 dxe4 15. Ng5 Qa5 16. Kb1 Rad8 17. Qc1 h6 18. f3 Bxg5 19. fxg4 Bxh4 20. g3 Bg5 21. Bxg5 Qxg5 22. Qxg5 hxg5 23. Rxe4 Rfe8 24. Ra4 a6 25. Rb4 b5 26. a4 c5 27. Rb3 c4 28. Rb4 Rd5 29. axb5 axb5 30. b3 Re4 31. bxc4 bxc4 32. Rb8+ Kh7 33. Rb6 g6 34. Rb7 Kg8 35. Rf1 f5 36. gxf5 Rxf5 37. Rb8+ Kg7 38. Rb7+ Kf6 39. Rb6+ Re6 40. Rxe6+ Kxe6 41. Rg1 Rf3 42. Kc1 Kf5 43. Kd2 Kg4 44. Re1 Kxg3 45. Rg1+ Kf4 46. Rh1 Rf2+ 47. Kd1 g4 48. Rh6 Kg5 49. Rh8 g3 50. Ke1 Rf4 51. Rh3 Kg4 52. Rh6 g5 53. Rh1 g2 54. Rg1 Rf1+ 55. Rxf1 {[%emt 0:00:02] Check Result:-#16} gxf1=Q+ 0-1

[Event "Asian Amateur Rapid 2024"]
[Site "Al Ain"]
[Date "2024.12.15"]
[Round "4.9"]
[White "Saqar Essa Khamis"]
[Black "Daneshpour, S.A."]
[Result "1-0"]
[ECO "C40"]
[WhiteElo "1684"]
[BlackElo "1899"]
[Annotator "NA COMBH"]
[PlyCount "99"]
[EventDate "2024.12.15"]
[EventType "swiss"]
[EventCountry "UAE"]
[SourceTitle "playchess.com"]
[Source "ChessBase"]
[SourceQuality "1"]
[TimeControl "900+10"]

1. e4 e5 2. Nf3 d5 3. exd5 e4 4. Qe2 Nf6 5. Nc3 Be7 6. Nxe4 O-O {[%emt 0:00:02] C40: Latvian and Elephant Gambits.} 7. d3 Qxd5 8. Bd2 Nc6 9. Bc3 Bg4 10. h3 Bh5 11. g4 Bg6 12. Nfd2 Nd4 13. Bxd4 Qxd4 14. O-O-O Nd5 15. Nb3 Qa4 16. Kb1 f5 17. Ng3 f4 18. Nf5 Bxf5 19. gxf5 Qd7 20. Bg2 Rae8 21. Be4 Bf6 22. Qg4 Qd6 23. Bxd5+ Qxd5 24. Qxf4 Kh8 25. Rhe1 c5 26. Re4 Re5 27. Rxe5 Bxe5 28. Qe4 Qd6 29. Re1 Bf6 30. Qxb7 h6 31. Qxa7 c4 32. dxc4 Rd8 33. a3 Qf4 34. Qc5 Kh7 35. a4 Qb8 36. a5 Rc8 37. Qb5 Qa8 38. a6 Rb8 39. Qa4 Qa7 40. Rd1 Qxf2 41. a7 Ra8 42. c5 Qe2 43. Rd2 Qe1+ 44. Ka2 Qe5 45. c3 Qc7 $18 46. Rd7 Qh2 47. Qc4 Qxh3 48. Qe4 Bxc3 49. bxc3 Qg2+ {[%emt 0:00:01] Check Result:#3} 50. Qxg2 1-0

[Event "Asian Amateur Rapid 2024"]
[Site "Al Ain"]
[Date "2024.12.15"]
[Round "4.10"]
[White "Khalifah, Khaled"]
[Black "Saket Atul Kumar"]
[Result "1-0"]
[ECO "D27"]
[WhiteElo "1962"]
[BlackElo "1633"]
[Annotator "RC"]
[PlyCount "155"]
[EventDate "2024.12.15"]
[EventType "swiss"]
[EventCountry "UAE"]
[SourceTitle "playchess.com"]
[Source "ChessBase"]
[SourceQuality "1"]
[TimeControl "900+10"]

1. d4 d5 2. c4 dxc4 3. e3 Nf6 4. Bxc4 e6 5. Nf3 c5 6. O-O a6 7. a4 cxd4 8. Qxd4 Qxd4 9. Nxd4 Bd7 10. b3 Nc6 11. Bb2 Bc5 12. Nxc6 Bxc6 13. Nc3 Rd8 14. Rad1 Ke7 15. h3 g5 16. Ne2 Rhg8 17. Ng3 h5 18. Bxf6+ Kxf6 19. Nxh5+ Ke7 20. Ng3 g4 21. hxg4 Rxg4 22. Rxd8 Kxd8 23. Rd1+ Ke7 24. Be2 Rg8 25. Bf3 Bxf3 26. gxf3 Bxe3 27. fxe3 Rxg3+ 28. Kf2 Rh3 29. Kg2 Rh5 30. Rc1 Kd7 31. Kg3 Rd5 32. Rc3 Kd6 33. e4 Rd2 34. Kf4 Rb2 35. Ke3 b6 36. Kd4 b5 37. axb5 axb5 38. Rd3 Kc6 39. f4 f6 40. e5 f5 41. Kc3 Rf2 42. Rd6+ Kc7 43. Kb4 Rxf4+ 44. Kxb5 Re4 45. Rxe6 f4 46. Kc5 f3 47. Kd5 Rf4 48. Rc6+ Kd7 49. e6+ Ke7 50. Rc7+ Ke8 51. Kd6 Rd4+ 52. Ke5 f2 53. Rf7 Rd2 54. b4 Re2+ 55. Kd6 Rd2+ 56. Kc5 Rc2+ 57. Kd5 Rb2 58. Kc4 Rc2+ 59. Kb3 Re2 60. b5 Rxe6 61. Rxf2 Re4 62. Rd2 Ke7 63. Kc3 Ke8 64. Rd1 Ke7 65. Rd5 Ke6 66. Rd2 Ke7 67. Rd5 Ke6 68. Rd8 Ke7 69. Rd2 Ke6 70. Kb3 Ke7 71. Ka3 Ke6 72. b6 Rh4 73. b7 Rh8 74. Ka4 Rb8 75. Rb2 Kd7 76. Ka5 Kc7 77. Ka6 Rd8 78. Ka7 1-0

[Event "Asian Amateur Rapid 2024"]
[Site "Al Ain"]
[Date "2024.12.15"]
[Round "4.11"]
[White "Ahsan Feroz"]
[Black "Chekanov, Timur"]
[Result "0-1"]
[ECO "D11"]
[WhiteElo "1795"]
[BlackElo "1865"]
[Annotator "NA COMBH"]
[PlyCount "58"]
[EventDate "2024.12.15"]
[EventType "swiss"]
[EventCountry "UAE"]
[SourceTitle "playchess.com"]
[Source "ChessBase"]
[SourceQuality "1"]
[TimeControl "900+10"]

1. d4 d5 2. c4 c6 3. Nf3 Nf6 4. g3 Bf5 5. Bg2 e6 6. O-O Nbd7 7. Nbd2 h6 8. Re1 Be7 {[%emt 0:00:17] D11: Slav Defence: 3 Nf3 sidelines and 3...Nf6 4 e3 Bg4.} 9. Qb3 Qb6 10. c5 Qxb3 11. Nxb3 b6 12. cxb6 axb6 13. Bf4 O-O 14. Rec1 c5 15. dxc5 bxc5 16. a4 Nh5 17. Ne5 Nxf4 18. gxf4 Nxe5 19. fxe5 Rfc8 $15 (19... Rfb8 $17 20. Rc3 c4) 20. e4 dxe4 21. Nd2 Bg5 22. Rd1 Bxd2 23. Rxd2 Ra5 24. Re2 Rb8 25. Bxe4 Bxe4 26. Rxe4 Rxb2 27. Rc1 Rb4 28. Rxc5 Rb1+ 29. Kg2 {[%emt 0:00:00] Check Result:-9.42} Rxc5 0-1

[Event "Asian Amateur Rapid 2024"]
[Site "Al Ain"]
[Date "2024.12.15"]
[Round "4.12"]
[White "Alviz, Joshua Ezekiel"]
[Black "Umarov, Mukhammadrizo"]
[Result "1/2-1/2"]
[ECO "C01"]
[WhiteElo "1766"]
[BlackElo "1902"]
[Annotator "RC"]
[PlyCount "106"]
[EventDate "2024.12.15"]
[EventType "swiss"]
[EventCountry "UAE"]
[SourceTitle "playchess.com"]
[Source "ChessBase"]
[SourceQuality "1"]
[TimeControl "900+10"]

1. e4 e6 2. d4 d5 3. exd5 exd5 4. Nf3 Nc6 5. Bb5 Bd6 6. O-O Nge7 7. Re1 O-O 8. c4 dxc4 9. Bxc4 Bg4 10. Be3 Nf5 11. Be2 Bxf3 12. Bxf3 Nfxd4 13. Nc3 Qh4 14. g3 Nxf3+ 15. Qxf3 Qb4 16. Rab1 Ne5 17. Qh5 Qg4 18. Qxg4 Nxg4 19. Bd4 Rfe8 20. Nb5 a6 21. Nxd6 cxd6 22. h3 Nh6 23. g4 f5 24. g5 Nf7 25. f4 Nh8 26. Kf2 Ng6 27. Kg3 Kf7 28. h4 Rxe1 29. Rxe1 Rc8 30. h5 Nf8 31. Bc3 g6 32. hxg6+ hxg6 33. Rd1 Rc6 34. Rh1 Rc4 35. Rd1 Ne6 36. Rxd6 Nxf4 37. Rd7+ Ke6 38. Rxb7 Ne2+ 39. Kf2 Nxc3 40. Rb6+ Ke5 41. bxc3 Kf4 42. Rxg6 Ra4 43. Ke2 Rxa2+ 44. Kd3 Rg2 45. Rxa6 Rxg5 46. c4 Rg3+ 47. Kd4 Rg1 48. Kd5 Rd1+ 49. Ke6 Re1+ 50. Kd6 Rd1+ 51. Ke6 Rc1 52. Ra5 Rxc4 53. Rxf5+ Ke4 1/2-1/2

[Event "Asian Amateur Rapid 2024"]
[Site "Al Ain"]
[Date "2024.12.15"]
[Round "4.13"]
[White "Manuwaruna, Sethun Neththaru"]
[Black "Fedorov, Grigory"]
[Result "1/2-1/2"]
[ECO "B25"]
[WhiteElo "1933"]
[BlackElo "1916"]
[Annotator "RC"]
[PlyCount "134"]
[EventDate "2024.12.15"]
[EventType "swiss"]
[EventCountry "UAE"]
[SourceTitle "playchess.com"]
[Source "ChessBase"]
[SourceQuality "1"]
[TimeControl "900+10"]

1. Nf3 Nf6 2. g3 g6 3. Bg2 Bg7 4. d3 O-O 5. e4 d6 6. O-O c5 7. Nc3 Nc6 8. h3 Rb8 9. Be3 b5 10. Ne2 b4 11. Ne1 Qb6 12. f4 Nd4 13. Nf3 Nxe2+ 14. Qxe2 Nh5 15. Qf2 Bxb2 16. Rab1 Bc3 17. d4 cxd4 18. Nxd4 Qa6 19. e5 Bb7 20. Bxb7 Rxb7 21. g4 Ng7 22. exd6 Qxd6 23. Ne2 Bd2 24. Bc5 Qc6 25. Rfd1 Ne6 26. Bxa7 Rxa7 27. Qxa7 Bxf4 28. Qf2 Bd6 29. Qg2 Bc5+ 30. Kh1 Qa4 31. c3 Rb8 32. Nd4 Nf4 33. Qf3 e5 34. Nc6 Re8 35. cxb4 Bb6 36. Rd2 e4 37. Qxf4 Qxc6 38. Qd6 Qc3 39. Rb3 Qc1+ 40. Rd1 Qc2 41. Rd2 Qc1+ 42. Rd1 Qc2 43. Qd2 Qc6 44. Qd5 Qc2 45. Qd2 Qc6 46. b5 Qa8 47. Qd5 Qxa2 48. Rc3 Qe2 49. Qd2 Qxb5 50. Qd7 Qe5 51. Rd5 Qxc3 52. Qxe8+ Kg7 53. Qe5+ Qxe5 54. Rxe5 e3 55. Kg2 Kf6 56. Re8 Kg5 57. Kg3 f5 58. h4+ Kf6 59. gxf5 gxf5 60. Kf4 Bd4 61. Kf3 Kg6 62. Rd8 Bf6 63. Rd6 Kg7 64. h5 Bg5 65. Ra6 h6 66. Rg6+ Kf7 67. Ra6 Kg7 1/2-1/2

[Event "Asian Amateur Rapid 2024"]
[Site "Al Ain"]
[Date "2024.12.15"]
[Round "4.14"]
[White "Sharma Pankaj"]
[Black "Al Balushi, Salim"]
[Result "1-0"]
[ECO "A37"]
[WhiteElo "1861"]
[BlackElo "1612"]
[Annotator "NA COMBH"]
[PlyCount "75"]
[EventDate "2024.12.15"]
[EventType "swiss"]
[EventCountry "UAE"]
[SourceTitle "playchess.com"]
[Source "ChessBase"]
[SourceQuality "1"]
[TimeControl "900+10"]

1. c4 c5 2. Nf3 Nc6 3. g3 e5 4. Bg2 g6 5. Nc3 Bg7 6. O-O Nge7 7. Ne1 O-O 8. Nc2 d6 {[%emt 0:00:09] A37: Symmetrical English vs ...g6: 4 Bg2 Bg7 5 Nf3.} 9. Rb1 Be6 10. d3 a5 11. Ne3 Qd7 12. Ned5 Rab8 13. a3 Bh3 {[%emt 0:13:03] 13...Bh3 is better than 13...b6.} 14. b4 Bxg2 15. Kxg2 b6 $146 ({Predecessor:} 15... axb4 16. axb4 Nxd5 17. Nxd5 cxb4 18. Nxb4 b5 19. Nxc6 Qxc6+ 20. Kg1 bxc4 21. Rxb8 Rxb8 22. dxc4 {0-1 Mnatsakanyan,A (1918)-Shilon Rahav,E (2103) EU-ch U12 Prague 2024 (3)}) 16. Bh6 axb4 17. Bxg7 Kxg7 18. axb4 Nd4 19. e3 Ne6 20. Rb3 Ng5 21. f3 Qh3+ 22. Kg1 Nf5 23. Qe2 b5 24. Nxb5 cxb4 25. Qg2 Qh6 26. Rfb1 Nh3+ 27. Kh1 Ng5 28. Rxb4 Ne6 29. Nxd6 Rxb4 30. Nxf5+ gxf5 31. Rxb4 Ra8 32. Rb1 Ra3 33. Qb2 Rxd3 34. Qxe5+ Kg6 35. Qf6+ Kh5 36. Qxf5+ Qg5 37. Qxh7+ Qh6 {[%emt 0:00:05] Check Result:#2} 38. Qf5+ 1-0

[Event "Asian Amateur Rapid 2024"]
[Site "Al Ain"]
[Date "2024.12.15"]
[Round "4.15"]
[White "Rashed Abubaker, Alhemeiri"]
[Black "Atharv Bansal"]
[Result "0-1"]
[ECO "B23"]
[WhiteElo "1861"]
[BlackElo "1896"]
[Annotator "NA COMBH"]
[PlyCount "84"]
[EventDate "2024.12.15"]
[EventType "swiss"]
[EventCountry "UAE"]
[SourceTitle "playchess.com"]
[Source "ChessBase"]
[SourceQuality "1"]
[TimeControl "900+10"]

1. e4 c5 2. Nc3 Nc6 3. f4 e6 4. Nf3 Nge7 5. a3 d5 6. b4 {[%emt 0:01:31] B23: Closed Sicilian: Lines without g3.} cxb4 7. axb4 dxe4 8. Nxe4 Nf5 9. b5 Ncd4 10. Ne5 Be7 11. c3 Qd5 12. Nf2 Nb3 13. Bc4 Qxg2 14. Qxb3 Bh4 15. Rf1 O-O 16. Qc2 f6 17. Neg4 Qxg4 18. Qe4 Kh8 19. Be2 Qg6 20. Qd3 Qe8 21. b6 a6 22. Qf3 Bd7 23. Ba3 Bc6 24. Qg4 Rf7 25. Bd3 Rd8 26. Bc2 Rfd7 27. O-O-O Bxf2 28. Rxf2 Rd5 29. Rg1 Qd7 30. Qe2 Ra5 31. Bb2 Bb5 32. Qg4 Bd3 33. Rfg2 Bxc2 34. Kxc2 Qd3+ 35. Kc1 Rb5 36. Qh5 a5 37. Qf7 Rg8 38. Qxe6 a4 $19 39. c4 Rc5 40. Rg3 g6 41. Rxg6 Rxc4+ 42. Kd1 {[%emt 0:00:00] Check Result:#1} Re4 0-1

[Event "Asian Amateur Rapid 2024"]
[Site "Al Ain"]
[Date "2024.12.15"]
[Round "4.16"]
[White "Soud, Jaber"]
[Black "Aamer Saeed, Alyileili"]
[Result "1-0"]
[ECO "D36"]
[WhiteElo "1956"]
[BlackElo "1619"]
[Annotator "RC"]
[PlyCount "107"]
[EventDate "2024.12.15"]
[EventType "swiss"]
[EventCountry "UAE"]
[SourceTitle "playchess.com"]
[Source "ChessBase"]
[SourceQuality "1"]
[TimeControl "900+10"]

1. d4 d5 2. c4 e6 3. Nc3 Nf6 4. cxd5 exd5 5. Bg5 Be7 6. e3 O-O 7. Bd3 h6 8. Bh4 c6 9. Nf3 Re8 10. Qc2 Ne4 11. Bxe7 Qxe7 12. O-O Nd7 13. b4 Nd6 14. Rab1 b6 15. b5 Bb7 16. bxc6 Bxc6 17. Qb3 Nf6 18. Ne5 Bb7 19. a4 Rac8 20. Nb5 Nxb5 21. axb5 Nd7 22. Bf5 Nxe5 23. Bxc8 Rxc8 24. dxe5 Qxe5 25. Ra1 Rc3 26. Qa4 d4 27. Qxd4 Qg5 28. e4 Rc5 29. Rxa7 Bc8 30. Qe3 Qg6 31. h4 Kh7 32. Qf3 Be6 33. Rd1 Re5 34. Ra8 Rxe4 35. Rdd8 Re1+ 36. Kh2 Qg4 37. Qxg4 Bxg4 38. Rab8 Rb1 39. Rxb6 Be2 40. Rd7 Bc4 41. Rc7 Rxb5 42. Rxb5 Bxb5 43. Rxf7 Bc4 44. Rf3 Bd5 45. Re3 Bf7 46. g4 Bd5 47. Kg3 Kg6 48. f4 Kf6 49. Rd3 Bc4 50. Rd6+ Kf7 51. Kf3 Bb3 52. Ke4 Bc2+ 53. Ke5 Bd1 54. Rxd1 1-0

[Event "Asian Amateur Rapid 2024"]
[Site "Al Ain"]
[Date "2024.12.15"]
[Round "4.17"]
[White "Dadabaev, Zhanybek"]
[Black "Raj Aryan"]
[Result "0-1"]
[ECO "D00"]
[WhiteElo "1927"]
[BlackElo "1609"]
[Annotator "RC"]
[PlyCount "68"]
[EventDate "2024.12.15"]
[EventType "swiss"]
[EventCountry "UAE"]
[SourceTitle "playchess.com"]
[Source "ChessBase"]
[SourceQuality "1"]
[TimeControl "900+10"]

1. d4 d5 2. Bf4 c5 3. e3 Nc6 4. c3 Qb6 5. Qb3 Nf6 6. Nd2 Bf5 7. dxc5 Qxb3 8. Nxb3 e5 9. Bg3 Nd7 10. Nf3 f6 11. Be2 Nxc5 12. O-O Ne4 13. c4 Be6 14. cxd5 Bxd5 15. Rfd1 O-O-O 16. Nfd2 Nxg3 17. hxg3 f5 18. Rac1 Kb8 19. Bc4 Be7 20. Bxd5 Rxd5 21. e4 fxe4 22. Nxe4 Rhd8 23. Rxd5 Rxd5 24. Kf1 Nd4 25. Nbd2 Ne6 26. Nf3 Nc5 27. Nc3 Rd3 28. Nxe5 Rd2 29. a3 Bf6 30. Nc4 Rd4 31. Nb5 Rd5 32. Ne3 Rh5 33. g4 Rh1+ 34. Ke2 Rxc1 0-1

[Event "Asian Amateur Rapid 2024"]
[Site "Al Ain"]
[Date "2024.12.15"]
[Round "4.18"]
[White "Muhammad Shayan Noushad Ibrahi"]
[Black "Al Sabti, Wadhah"]
[Result "1-0"]
[ECO "C54"]
[WhiteElo "1716"]
[BlackElo "1470"]
[Annotator "NA COMBH"]
[PlyCount "91"]
[EventDate "2024.12.15"]
[EventType "swiss"]
[EventCountry "UAE"]
[SourceTitle "playchess.com"]
[Source "ChessBase"]
[SourceQuality "1"]
[TimeControl "900+10"]

1. e4 e5 2. Nf3 Nc6 3. Bc4 Nf6 4. d3 Bc5 5. O-O d6 6. c3 O-O 7. h3 h6 8. Re1 Be6 9. Bb5 a6 10. Ba4 b5 11. Bc2 Bb6 12. a3 Nh7 13. d4 exd4 14. cxd4 Bd7 15. Nc3 Re8 16. Qd3 Nf8 17. Nd5 Ba7 18. Nf4 Qc8 19. b3 b4 20. a4 a5 21. Nh5 Ng6 22. g4 Rf8 23. Qe3 Nce5 24. Nh2 Nc6 25. Bb2 Qd8 26. f4 Qh4 27. Kg2 Rfe8 28. Nf3 Qe7 29. f5 Nge5 30. f6 Qe6 31. Nxg7 Qxf6 32. Nxe8 Rxe8 33. dxe5 Bxe3 34. exf6 Bb6 35. Rad1 Be6 36. e5 d5 37. Bf5 Bxf5 38. gxf5 Kh7 39. e6 Rg8+ 40. Kh1 Rg3 41. exf7 Rxf3 42. f8=Q Rg3 43. Re7+ Nxe7 44. fxe7 Rxh3+ 45. Kg2 Rxb3 {[%emt 0:00:14] Check Result:?ev?} 46. Qh8# 1-0

[Event "Asian Amateur Rapid 2024"]
[Site "Al Ain"]
[Date "2024.12.15"]
[Round "4.19"]
[White "Adel, Tahseen Khalil"]
[Black "Hamad Shuaib Al Kaff"]
[Result "1-0"]
[ECO "D52"]
[WhiteElo "1833"]
[BlackElo "1710"]
[Annotator "NA COMBH"]
[PlyCount "85"]
[EventDate "2024.12.15"]
[EventType "swiss"]
[EventCountry "UAE"]
[SourceTitle "playchess.com"]
[Source "ChessBase"]
[SourceQuality "1"]
[TimeControl "900+10"]

1. d4 d5 2. c4 e6 3. Nf3 Nf6 4. Nc3 c6 5. Bg5 Nbd7 6. e3 Qa5 7. Nd2 dxc4 {[%emt 0:00:16] is recently more successful than 7...Bb4.} 8. Bxf6 Nxf6 9. Bxc4 Bb4 {[%emt 0:00:08] D52: Queen's Gambit Declined: Cambridge Springs Variation.} 10. Rc1 O-O 11. O-O Nd5 $146 ({Predecessor:} 11... b5 12. Bb3 Bb7 13. a3 Be7 14. Nce4 Rad8 15. Qe2 b4 16. Nxf6+ Bxf6 17. Nc4 Qb5 {1-0 Castillo Beitia,A (2009)-Molina,J (1966) Bolivarian Games Blitz 2024 (2.11)}) 12. Nb3 Qc7 13. Nxd5 exd5 14. Bxd5 Qe7 15. Bf3 Qg5 16. Nc5 Rd8 17. Qb3 Bxc5 18. Rxc5 Qg6 19. Rfc1 Rd6 20. Re5 Be6 21. Qxb7 Rad8 22. Qe7 h6 23. Be4 f5 24. Rxc6 R8d7 25. Rc8+ Kh7 26. Qf8 Qg4 27. Bxf5+ Bxf5 28. Qxf5+ Qxf5 29. Rxf5 Rb6 30. Rc2 Rdb7 31. b3 a5 32. h3 Ra7 33. Rc4 Kg6 34. Rfc5 Kh7 35. d5 Rd6 36. e4 Rd8 37. e5 Kg6 38. g4 Kg5 39. Kg2 Rf8 40. e6 Kf6 41. Rf4+ Ke7 42. Rxf8 Kxf8 {[%emt 0:00:00] Check Result:#13} 43. d6 1-0

[Event "Asian Amateur Rapid 2024"]
[Site "Al Ain"]
[Date "2024.12.15"]
[Round "4.20"]
[White "Ahmed Younes Alkhemeiri"]
[Black "Yahya Shuaib Al Kaff"]
[Result "0-1"]
[ECO "B56"]
[WhiteElo "1584"]
[BlackElo "1879"]
[Annotator "NA COMBH"]
[PlyCount "107"]
[EventDate "2024.12.15"]
[EventType "swiss"]
[EventCountry "UAE"]
[SourceTitle "playchess.com"]
[Source "ChessBase"]
[SourceQuality "1"]
[TimeControl "900+10"]

1. e4 c5 2. Nf3 d6 3. d4 cxd4 4. Nxd4 Nf6 5. Nc3 Nc6 6. Be3 Ng4 7. Bb5 Bd7 8. O-O {[%emt 0:00:15] is the legacy move (8.Nxc6).} Nxe3 9. fxe3 Ne5 10. Bxd7+ {[%emt 0:00:30] B56: Classical Sicilian: Unusual Lines.} Qxd7 11. Nf3 Nc6 12. Qd2 $146 ({Predecessor:} 12. Ng5 f6 13. Qd5 fxg5 14. Qf7+ Kd8 15. Qxf8+ Rxf8 16. Rxf8+ {0-1 Mayorga,N (2249)-Fier,A (2454) South America-ch U20 2006 (2)}) 12... e6 13. Rad1 Rd8 14. Qf2 Be7 15. b4 Bf6 16. b5 Ne5 17. Nxe5 Bxe5 18. Nb1 O-O 19. a4 Qc7 20. Qe2 Rc8 21. Rd2 Qa5 22. c3 Qc7 23. Rc2 Qc4 24. Qh5 Qxa4 25. Rcf2 Rc7 26. Qg4 Qxb5 27. Nd2 Bxc3 28. Nf3 f5 29. Qh5 Qe8 30. Qh4 Bf6 31. Qg3 Qg6 32. Qxd6 Rc6 33. Qb4 Rb6 34. Qc4 Qg4 35. Qa2 Ra6 36. Qb3 Qxe4 37. Nd2 Qa4 38. Qd3 Rd8 39. Qb1 Rb6 40. Qc1 Qc6 41. Qe1 Bc3 42. e4 Rb2 43. exf5 e5 44. f6 Rbxd2 45. f7+ Kf8 46. Qc1 Rxf2 47. Rxf2 Bd4 48. Qa3+ Qd6 49. Qh3 Bxf2+ 50. Kxf2 Qd2+ 51. Kf1 Qd1+ 52. Kf2 Rd2+ 53. Kg3 Rd3+ {[%emt 0:00:05] Check Result:-#6} 54. Kh4 0-1